 Dungeon Crawl Stone Soup version 0.26-a0-858-gbf766624f9 (webtiles) character file.

Game seed: 17135494421551033932

3877 robertstho the Grappler (level 10, -9/96 HPs)
             Began as a Troll Delver on Nov 24, 2020.
             Was an Initiate of Gozag.
             Mangled by Gastronok (38 damage)
             ... on level 8 of the Dungeon.
             The game lasted 00:13:38 (7346 turns).

robertstho the Grappler (Troll Delver)              Turns: 7346, Time: 00:13:39

Health: -9/96      AC:  8    Str: 25    XL:     10   Next: 0%
Magic:  9/9        EV: 11    Int:  6    God:    Gozag
Gold:   1342       SH:  0    Dex: 11    Spells: 9/9 levels left

rFire    + . .     SeeInvis .     - Unarmed
rCold    + . .     Faith    .   (no shield)
rNeg     + . .     Spirit   .   s - +2 robe {rN+}
rPois    .         Reflect  .   (helmet restricted)
rElec    .         Harm     .   x - scarf {+Inv}
rCorr    .         Rampage  .   (gloves unavailable)
MR       .....                  (boots unavailable)
Stlth    +++.......             (no amulet)
HPRegen  0.66/turn              j - ring of protection from fire
MPRegen  0.11/turn              y - ring of protection from cold

@: no status effects
A: large, unfitting armour, claws 3, regeneration 1, shaggy fur 1, tough skin 3
a: Potion Petition, Call Merchant, Bribe Branch, Renounce Religion, Evoke
Invisibility


You were on level 8 of the Dungeon.
You worshipped Gozag.
Gozag was most pleased with you.
You visited 2 branches of the dungeon, and saw 9 of its levels.

You collected 1735 gold pieces.
You paid 393 gold pieces to Gozag.

Inventory:

Armour
 s - a +2 robe of positive energy (worn)
 x - a scarf of invisibility (worn)
Jewellery
 j - a ring of protection from fire (left claw)
 y - a ring of protection from cold (right claw)
 z - an uncursed amulet of reflection {unknown}
Wands
 f - a wand of digging (3)
 o - a wand of acid (12)
 p - a wand of disintegration (15)
Scrolls
 b - 2 scrolls of fog
 c - a scroll of magic mapping
 d - a scroll of fear
 g - a scroll of brand weapon {unknown}
 h - a scroll of enchant weapon {unknown}
 k - 2 scrolls of teleportation {unknown}
 l - a scroll of silence {unknown}
 m - a scroll of random uselessness {unknown}
 t - 9 scrolls of remove curse
 u - 3 scrolls of enchant armour
 v - a scroll of noise {unknown}
Potions
 e - a potion of curing
 i - a potion of heal wounds
 q - a potion of flight
 r - 3 potions of lignification


   Skills:
 * Level 5.3 Fighting
 + Level 3.8 Dodging
 + Level 4.5 Stealth
 * Level 11.1 Unarmed Combat


You had 9 spell levels left.
You didn't know any spells.
Your spell library contained the following spells:

 Spells                   Type           Power        Failure   Level
 Beastly Appendage        Tmut           #.....       45%         1
 Wereblood                Tmut           #.......     58%         2
 Confusing Touch          Hex            #.......     83%         3
 Gell's Gravitas          Tloc           #.........   83%         3
 Spider Form              Tmut/Pois      #.........   83%         3
 Ice Form                 Ice/Tmut       #.......     99%         4
 Petrify                  Tmut/Erth      #.......     99%         4
 Blade Hands              Tmut           #.........   100%        5
 Metabolic Englaciation   Hex/Ice        #.........   100%        5
 Yara's Violent Unravell  Hex/Tmut       #.........   100%        5


Dungeon Overview and Level Annotations

Branches:
Dungeon (8/15)             Temple (1/1) D:5            Lair (0/6) D:8

Altars:
Ashenzari
Cheibriados
Dithmenos
Elyvilon
Fedhas
Gozag
Hepliaklqana
Kikubaaqudgha
Makhleb
Nemelex Xobeh
Qazlal
Ru
Sif Muna
Trog
Uskayaw
Vehumet
Wu Jian
Xom
Yredelemnul

Annotations:
D:5 3 runed translucent doors, Sun's ghost, weakling KoDe
D:8 1 transporter, Gastronok; Grum


Innate Abilities, Weirdness & Mutations

You are too large for most types of armour.
You have claws for hands.
Your natural rate of healing is unusually fast.
You are covered in fur. (AC +1)
You have extremely tough skin. (AC +3)


Message History

The bat barely misses you. The bat hits you but does no damage.
Grum hits you but does no damage. The bat closely misses you.
You scratch Gastronok.
Gastronok is moderately wounded.
The bat barely misses you. The bat misses you. Grum hits you with a +1 spear.
You scratch Gastronok.
Gastronok is moderately wounded.
The bat closely misses you. The bat hits you.
Gastronok gurgles, "I'll eat you, I will!"
Gastronok waves his eye-stalks in wide circles.
The air twists around and strikes you!!
You barely miss Gastronok.
Gastronok is moderately wounded.
Grum hits you with a +1 spear! The quokka bites you.
You scratch Gastronok.
Gastronok is moderately wounded.
The bat hits you but does no damage. Grum hits you with a +1 spear.
The quokka closely misses you. Gastronok bites you!!!
You die...
Your body crumbles into a pile of gold.

#.#..........# #..##.#
..###.......## ####.###.#
.## #.......#.. #..#.#
#.# .#
##.....##..###..#.# #.#
##
###...###..#...##.###.#
#####.##.##.............#
.).##.....#....b#$..$...#
##.)...######.##$r.$....#
###...# #....@gb$....#
##..#####...###w>.....#.#
##...#...#.# #....<....#
##..........# #........##
#...........# #........#
.............. #.......##
.............# #.......#
.............. ###.##.##
..#...#...###. (.# ..


You could see Gastronok (swift), Grum, a quokka (summoned) and 2 bats.

Vanquished Creatures
  The ghost of Sin92 the Slasher, a novice MiFi of Okawaru (D:4)
  2 wargs (D:8)
  Duvessa (D:6)
  2 ice beasts
  A necrophage (D:6)
  3 orc warriors
  3 phantoms
  3 wolves (D:8)
  2 ogres
  A centaur (D:7)
  3 bullfrogs
  Dowan (D:6)
  3 scorpions
  5 wights (D:6)
  A centaur zombie (D:6)
  Crazy Yiuf (D:7)
  11 orc wizards
  2 bullfrog skeletons
  5 iguanas
  A hound (D:7)
  5 orc priests
  6 worker ants
  2 hound skeletons
  A worker ant zombie (D:7)
  6 gnolls
  16 adders
  4 white imps
  2 ufetubi
  An ooze (D:2)
  3 adder skeletons
  2 worms
  2 dart slugs
  3 leopard geckos
  31 orcs
  3 bats
  7 giant cockroaches
  11 hobgoblins
  11 jackals
  8 kobolds
  2 quokkas
  2 ball pythons
  4 frilled lizards
  13 goblins
  2 jackal skeletons
  A leopard gecko skeleton (D:5)
  3 rats
203 creatures vanquished.

Vanquished Creatures (others)
  An orc wizard (D:5)
  A plant (D:8)
2 creatures vanquished.

Grand Total: 205 creatures vanquished

Notes
Turn   | Place    | Note
-------+----------+-------------------------------------------
     0 | D:5      | robertstho the Troll Delver began the quest for the Orb.
     0 | D:5      | Reached XP level 1. HP: 22/22 MP: 0/0
    56 | D:5      | Noticed a phantom
    88 | D:5      | Killed a phantom
    89 | D:5      | Reached XP level 2. HP: 16/31 MP: 1/1
    89 | D:5      | Reached XP level 3. HP: 19/37 MP: 2/2
    89 | D:5      | Reached XP level 4. HP: 23/45 MP: 3/3
   157 | D:5      | Found a staircase to the Ecumenical Temple.
   165 | Temple   | Entered the Ecumenical Temple
   366 | Temple   | Became a worshipper of Gozag Ym Sagoz the Greedy
   506 | D:5      | Noticed an ice beast
   523 | D:5      | Killed an ice beast
   524 | D:5      | Reached skill level 3 in Unarmed Combat
   524 | D:5      | Reached XP level 5. HP: 5/53 MP: 4/4
   660 | D:5      | Reached XP level 6. HP: 59/61 MP: 5/5
   689 | D:5      | Found a runed translucent gate.
   689 | D:5      | Found a runed translucent gate.
   693 | D:5      | Found a runed translucent gate.
   694 | D:5      | Noticed Sun's ghost (weakling KoDe)
  1035 | D:5      | Reached skill level 4 in Unarmed Combat
  1576 | D:4      | Found a shadowy altar of Dithmenos.
  1632 | D:4      | Reached XP level 7. HP: 68/68 MP: 6/6
  1668 | D:4      | Reached skill level 5 in Unarmed Combat
  1784 | D:4      | Found a blossoming altar of Fedhas.
  1964 | D:4      | Found a transporter.
  1964 | D:4      | Noticed Sin92's ghost (novice MiFi)
  2016 | D:4      | Reached skill level 6 in Unarmed Combat
  2078 | D:4      | Found a sparkling altar of Nemelex Xobeh.
  2150 | D:4      | Found a transporter.
  2680 | D:3      | You fall into a shaft and drop 2 floors!
  3178 | D:2      | Found a sacrificial altar of Ru.
  3391 | D:2      | Reached XP level 8. HP: 75/78 MP: 7/7
  4822 | D:6      | Reached skill level 7 in Unarmed Combat
  4947 | D:6      | Found a bloodstained altar of Trog.
  5073 | D:6      | Found a runed translucent door.
  5074 | D:6      | Noticed Crazy Yiuf
  5127 | D:6      | Noticed Duvessa
  5127 | D:6      | Noticed Dowan
  5136 | D:6      | Killed Duvessa
  5137 | D:6      | Reached skill level 8 in Unarmed Combat
  5154 | D:6      | Killed Dowan
  5359 | D:6      | Reached XP level 9. HP: 85/85 MP: 8/8
  5632 | D:6      | Found a shimmering blue altar of Sif Muna.
  5750 | D:7      | Reached skill level 9 in Unarmed Combat
  5892 | D:7      | Killed Crazy Yiuf
  5975 | D:7      | Found an ornate altar of the Wu Jian Council.
  6013 | D:7      | Found a bloodstained altar of Trog.
  6722 | D:4      | Killed Sin92's ghost
  6723 | D:4      | Reached skill level 5 in Fighting
  6723 | D:4      | Reached skill level 10 in Unarmed Combat
  6955 | D:8      | Noticed Grum
  6959 | D:8      | Noticed Gastronok
  7043 | D:8      | Found a staircase to the Lair.
  7079 | D:8      | Found a transporter.
  7127 | D:8      | Reached skill level 11 in Unarmed Combat
  7257 | D:8      | Found a hazy altar of Hepliaklqana.
  7339 | D:8      | Reached XP level 10. HP: 51/96 MP: 9/9
  7346 | D:8      | Mangled by Gastronok

Illustrated notes

Levels and vault maps discovered:
D:1:      heliophobic_arrival_battle_scene, layout_basic
D:2:      layout_basic, lemuel_crystal_altar
D:3:      layout_rooms
D:4:      cheibrodos_greedy_goblins, layout_basic,
          nicolae_dithmenos_the_darkroom, kennysheep_mini,
          gammafunk_ghost_arena, nemelex_spade_bored_becter
D:5:      layout_layer_cave, minmay_temple_entry_slanted,
          ebering_ghost_rock_garden
D:6:      layout_layer_cave, general_overflow_altar, grunt_decor_fettered,
          trog_butcher_becter, uniq_crazy_yiuf_cottage, uniq_duvessa
D:7:      wander_river, layout_basic, overflow_temple_1_default,
          nicolae_overflow_crystal_walls, minmay_misc_feat_chi
D:8:      gammafunk_corrupted_shrine, layout_rooms, old_standard_altar,
          zin_angel, erik_lair_orcish_takeover, uniq_grum, uniq_gastronok
Temple:   minmay_temple_bridge_abc

Skill      XL: |  1  2  3  4  5  6  7  8  9 |
---------------+----------------------------+-----
Fighting       | 3 4 5 |  5.3
Stealth        | 3 4 |  4.5
Unarmed Combat | 3 4 6 8 11 | 11.1
Dodging        | 2 3 |  3.8

Action                   |  1- 3 |  4- 6 |  7- 9 | 10-12 || total
-------------------------+-------+-------+-------+-------++-------
Melee: Unarmed           |    13 |    92 |   471 |     6 ||   582
       Punch             |       |     1 |    18 |     1 ||    20
Invok: Potion Petition   |       |       |     1 |       ||     1
  Use: Scroll            |       |       |    11 |       ||    11
       Potion            |       |       |     5 |     1 ||     6
 Stab: Sleeping          |       |     4 |    15 |       ||    19
       Distracted        |       |       |     1 |       ||     1
Armor: Robe              |     5 |    29 |   138 |     4 ||   176
Dodge: Dodged            |     1 |    36 |   223 |    11 ||   271

Table legend: (Time is in decaauts)
 A = Elapsed time spent in this place.
 B = Non-inter-level travel time spent in this place.
 C = Inter-level travel time spent in this place.
 D = Time resting spent in this place.
 E = Time spent auto-exploring this place.
 F = Levels seen in this place.
 G = Mean time per level.
                   A        B        C        D        E       F      G
               +--------+--------+--------+--------+--------+-----+--------+
         Total |   7272 |   6648 |    624 |    203 |   5025 |   9 |  808.0 |
       Dungeon |   7048 |   6447 |    601 |    203 |   4828 |   8 |  881.0 |
        Temple |    224 |    201 |     23 |      0 |    197 |   1 |  224.0 |
               +--------+--------+--------+--------+--------+-----+--------+

Top non-repeatable levels by time:
     D:5: 1394 daAuts
     D:6: 1177 daAuts
     D:7: 989 daAuts
     D:4: 974 daAuts
     D:2: 913 daAuts
     D:1: 723 daAuts
     D:3: 546 daAuts
     D:8: 330 daAuts
  Temple: 224 daAuts
